 Dungeon Crawl Stone Soup version 0.31-a0-187-gba352fbbf7 (webtiles) character file.

Game seed: 17874447727655058103

2256 qw the Skirmisher (level 9, -3/51 HPs)
             Began as a Deep Elf Hunter on June 22, 2023.
             Slain by a killer bee (8 damage)
             ... on level 7 of the Dungeon.
             The game lasted 00:02:12 (5283 turns).

qw the Skirmisher (Deep Elf Hunter)                 Turns: 5283, Time: 00:02:13

Health: -3/51      AC: 11    Str: 12    XL:     9   Next: 15%
Magic:  11/11      EV: 14    Int: 15    God:
Gold:   130        SH:  0    Dex: 24    Spells: 8/8 levels left

rFire   . . .        d - -1 triple crossbow
rCold   . . .        (shield currently unavailable)
rNeg    + . .        e - +0 ring mail
rPois   .            l - +2 helmet
rElec   .            j - +1 cloak
rCorr   .            (no gloves)
SInv    .            m - +0 pair of boots
Will    .....        g - amulet of faith
Stlth   ++           c - +6 ring of dexterity
HPRegen 0.28/turn    h - ring of positive energy
MPRegen 0.12/turn

%: faith
@: lethally poisoned (-3 -> -7)
A: no striking features
a: no special abilities


You were on level 7 of the Dungeon.
You visited 1 branch of the dungeon, and saw 7 of its levels.

You collected 320 gold pieces.
You spent 190 gold pieces at shops.


   Skills:
 - Level 3.2 Fighting
 + Level 14.2 Ranged Weapons
 - Level 2.0 Armour
 - Level 6.1 Dodging
 - Level 1.2 Stealth


You had 8 spell levels left.
You didn't know any spells.
Your spell library was empty.

Inventory:

Hand Weapons
 d - a -1 triple crossbow (weapon)
Armour
 e - a +0 ring mail (worn)
 j - a +1 cloak (worn)
 l - a +2 helmet (worn)
 m - a +0 pair of boots (worn)
Jewellery
 c - a +6 ring of dexterity (left hand)
 f - a ring of fire
 g - an amulet of faith (around neck)
 h - a ring of positive energy (right hand)
Scrolls
 a - 2 scrolls of identify
 n - 3 scrolls of immolation {unknown}
Potions
 b - 3 potions of might {unknown}
 i - 7 potions of curing
 k - a potion of attraction {unknown}

Dungeon Overview and Level Annotations

Branches:
Dungeon (7/15)
 Temple: D:4-7

Altars:
Ashenzari
Cheibriados
Elyvilon
Gozag
Sif Muna
Uskayaw
Yredelemnul

Shops:
D:1 [   D:4 *   D:6 *


Message History

You shoot a bolt. The bolt hits the killer bee!!!
You kill the killer bee!
The killer bee misses you. x2; The killer bee closely misses you.
The killer bee stings you but does no damage. x2
The killer bee barely misses you. The ufetubus closely misses you.
The ufetubus barely misses you. The killer bee stings you. x2
You are poisoned.
The killer bee poisons you!
You shoot a bolt. The bolt closely misses the killer bee.
You feel very sick.
The ufetubus hits you but does no damage.
The ufetubus barely misses you. The killer bee stings you.
The killer bee barely misses you. The killer bee stings you.
The killer bee closely misses you. The killer bee misses you.
The killer bee completely misses you. The killer bee misses you.
You shoot a bolt. The bolt misses the killer bee.
The bolt barely misses the ufetubus.
You feel sick.
The killer bee stings you but does no damage.
The killer bee closely misses you. The killer bee stings you.
You are more poisoned.
The killer bee poisons you! The killer bee barely misses you.
The killer bee closely misses you. The killer bee completely misses you.
The killer bee stings you. The killer bee closely misses you.
The killer bee barely misses you.
You shoot a bolt. The bolt hits the killer bee!!
You kill the killer bee!
You feel very sick. The killer bee closely misses you.
The killer bee stings you but does no damage.
The killer bee closely misses you. The killer bee misses you.
The ufetubus closely misses you. The ufetubus misses you.
The killer bee stings you. x2; The ufetubus barely misses you.
The ufetubus closely misses you.
The killer bee stings you but does no damage. x2
You shoot a bolt.
The bolt hits the killer bee but does no damage.
You feel very sick. The killer bee stings you. The killer bee stings you!
You die...

.# #..# #...########%.## .#
##.## #.........##.## ..
#...# #.........##.# #.#
#...#.# #.........##.#
#..#...###.# #.........##.#
##...###...###.........##.#
.#.# #...#..##.........##.#
## #...####.##..######....#
...# #..#..@5...<.#### #.
##.##.yy.##### # #..#.##.#
##)###..# #.......#
#...###...# #...## #..#.#
...## ........ .#
.........#


You could see 2 killer bees and an ufetubus.

Vanquished Creatures
  Sigmund (D:4)
  A shadow (D:7)
  A black bear (D:4)
  A centaur (D:7)
  An ogre (D:6)
  A phantom (D:4)
  2 kobold brigands
  A bullfrog (D:6)
  A gnoll sergeant (D:7)
  2 scorpions
  3 wights (D:7)
  6 killer bees (D:7)
  2 howler monkeys
  5 hounds
  A jelly (D:7)
  2 gnoll boudas
  6 iguanas (D:5)
  An orc wizard (D:6)
  A sleepcap (D:4)
  2 killer bee zombies (D:6)
  Robin (D:4)
  7 gnolls
  6 adders
  A shadow imp (D:6)
  A white imp (D:5)
  4 ufetubi (D:5)
  4 worms
  5 dart slugs
  6 orcs
  10 endoplasms
  6 giant cockroaches
  8 goblins
  9 hobgoblins
  4 jackals (D:2)
  6 quokkas
  6 ball pythons
  4 bats
  2 frilled lizards
  12 kobolds
  4 rats
147 creatures vanquished.

Notes
Turn   | Place    | Note
-------+----------+-------------------------------------------
     0 | D:1      | qw the Deep Elf Hunter began the quest for the Orb.
     0 | D:1      | Reached XP level 1. HP: 12/12 MP: 3/3
     0 | D:1      | 0 ||| qw: Version: 0.3-a-9-g12657ce
     0 | D:1      | 0 ||| qw: Game counter: 2070
     0 | D:1      | 0 ||| qw: Always use a shield: true
     0 | D:1      | 0 ||| qw: God list: Okawaru
     0 | D:1      | 0 ||| qw: Allow faded altars: false
     0 | D:1      | 0 ||| qw: Do Orc after D:15 true
     0 | D:1      | 0 ||| qw: Do second Lair branch before Depths: true
     0 | D:1      | 0 ||| qw: Lair rune preference: random
     0 | D:1      | 0 ||| qw: Plans: Normal
     0 | D:1      | 0 ||| PLANNING D:1-11
   169 | D:1      | Found Femus's Armour Emporium.
   169 | D:1      | Noticed an animated pearl dragon scales
   174 | D:1      | Noticed an animated plate armour
   187 | D:1      | 187 ||| SHOPLISTING +0 scale mail "Feof" {Int+4 Dex+4} (389
                  | gold, have 15).
   301 | D:1      | Reached XP level 2. HP: 16/16 MP: 4/4
   354 | D:1      | Reached skill level 6 in Ranged Weapons
   586 | D:1      | 586 ||| UPGRADING to +0 ring mail.
   596 | D:1      | 596 ||| DROPPING +0 leather armour.
   597 | D:1      | 597 ||| UPGRADING to +0 cloak.
   602 | D:1      | 602 ||| UPGRADING to amulet of guardian spirit.
   607 | D:1      | 607 ||| READING scroll labelled GYPOS YCASTIT.
   608 | D:1      | 608 ||| READING scroll labelled GIGEIL HAIL.
   609 | D:1      | 609 ||| READING scroll labelled ISYDOCLAINO.
   610 | D:1      | 610 ||| DROPPING scroll of butterflies.
   833 | D:2      | Reached XP level 3. HP: 20/20 MP: 5/5
  1031 | D:2      | Reached skill level 7 in Ranged Weapons
  1281 | D:2      | 1281 ||| UPGRADING to amulet of faith.
  1291 | D:2      | 1291 ||| DROPPING amulet of guardian spirit.
  1292 | D:2      | 1292 ||| UPGRADING to +6 ring of dexterity.
  1293 | D:2      | 1293 ||| READING scroll labelled DITWEM FINKUW.
  1294 | D:2      | 1294 ||| READING scroll labelled CUTAOW UCK.
  1295 | D:2      | 1295 ||| DRINKING 5 fuming coppery potions.
  1296 | D:2      | 1296 ||| READING 3 scrolls of identify.
  1296 | D:2      | 1296 ||| IDENTIFYING fuming sapphire potion
  1297 | D:2      | 1297 ||| DROPPING potion of lignification.
  1581 | D:3      | Reached XP level 4. HP: 25/25 MP: 6/6
  1581 | D:3      | Found the +2 hood of the Assassin {Detect Stab+ Stlth++}
  2231 | D:3      | Reached skill level 8 in Ranged Weapons
  2265 | D:3      | 2265 ||| UPGRADING to +2 hood of the Assassin {Detect Stab+
                  | Stlth++}.
  2270 | D:3      | 2270 ||| UPGRADING to ring of positive energy.
  2271 | D:3      | 2271 ||| READING scroll labelled MIMUEH ROYGGAC.
  2272 | D:3      | 2272 ||| READING 2 scrolls of identify.
  2272 | D:3      | 2272 ||| IDENTIFYING amethyst potion
  2273 | D:3      | 2273 ||| DROPPING potion of degeneration.
  2336 | D:4      | Noticed a phantom
  2349 | D:4      | Killed a phantom
  2350 | D:4      | Reached XP level 5. HP: 26/29 MP: 7/7
  2386 | D:4      | Noticed a black bear
  2393 | D:4      | Killed a black bear
  2394 | D:4      | 2394 ||| FLEEEEING.
  2395 | D:4      | 2395 ||| FLEEEEING.
  2440 | D:4      | Reached XP level 6. HP: 30/34 MP: 8/8
  2440 | D:4      | 2440 ||| FLEEEEING.
  2441 | D:4      | 2441 ||| FLEEEEING.
  2446 | D:4      | Reached skill level 9 in Ranged Weapons
  2703 | D:4      | 2703 ||| READING scroll of enchant armour.
  2703 | D:4      | 2703 ||| ENCHANTING +0 cloak.
  2785 | D:4      | Noticed Sigmund
  2795 | D:4      | Killed Sigmund
  2796 | D:4      | Reached skill level 10 in Ranged Weapons
  2796 | D:4      | Reached XP level 7. HP: 30/40 MP: 9/9
  2796 | D:4      | 2796 ||| FLEEEEING.
  2797 | D:4      | 2797 ||| FLEEEEING.
  2798 | D:4      | 2798 ||| FLEEEEING.
  2799 | D:4      | 2799 ||| FLEEEEING.
  2800 | D:4      | 2800 ||| FLEEEEING.
  2801 | D:4      | 2801 ||| FLEEEEING.
  2802 | D:4      | 2802 ||| FLEEEEING.
  2803 | D:4      | 2803 ||| FLEEEEING.
  2805 | D:4      | 2805 ||| FLEEEEING.
  2806 | D:4      | 2806 ||| FLEEEEING.
  2807 | D:4      | 2807 ||| FLEEEEING.
  2808 | D:4      | 2808 ||| FLEEEEING.
  2809 | D:4      | 2809 ||| FLEEEEING.
  2810 | D:4      | 2810 ||| FLEEEEING.
  2811 | D:4      | 2811 ||| FLEEEEING.
  2812 | D:4      | 2812 ||| FLEEEEING.
  2813 | D:4      | 2813 ||| FLEEEEING.
  2814 | D:4      | 2814 ||| FLEEEEING.
  2815 | D:4      | 2815 ||| STAIRDANCE
  2833 | D:3      | 2833 ||| READING scroll labelled DUILEM QUWI.
  2901 | D:4      | Reached skill level 1 in Armour
  2983 | D:4      | Found Fehaudia's Assorted Antiques.
  2992 | D:4      | Noticed Robin
  3007 | D:4      | Killed Robin
  3013 | D:4      | 3013 ||| BUYING gilded ring (135 gold).
  3013 | D:4      | Bought a gilded ring for 135 gold pieces
  3013 | D:4      | 3013 ||| SHOPLISTING runed iron wand (108 gold, have 27).
  3013 | D:4      | 3013 ||| SHOPLISTING scroll of enchant armour (202 gold,
                  | have 27).
  3013 | D:4      | 3013 ||| SHOPLISTING scroll of identify (54 gold, have 27).
  3013 | D:4      | 3013 ||| SHOPLISTING transparent ring mail (243 gold, have
                  | 27).
  3041 | D:4      | Found a hide-covered altar of Uskayaw.
  3132 | D:4      | 3132 ||| UPGRADING to +2 helmet.
  3142 | D:4      | 3142 ||| DROPPING +2 hood of the Assassin {Detect Stab+
                  | Stlth++}.
  3143 | D:4      | 3143 ||| DROPPING ring of flight.
  3167 | D:5      | Entered Level 5 of the Dungeon
  3184 | D:5      | Found an opulent altar of Gozag.
  3189 | D:5      | Identified the +4 mace of Kudiroex {pain, rElec}
  3315 | D:5      | 3315 ||| FLEEEEING.
  3318 | D:5      | 3318 ||| FLEEEEING.
  3324 | D:5      | 3324 ||| FLEEEEING.
  3325 | D:5      | 3325 ||| FLEEEEING.
  3326 | D:5      | 3326 ||| FLEEEEING.
  3327 | D:5      | 3327 ||| FLEEEEING.
  3328 | D:5      | 3328 ||| FLEEEEING.
  3329 | D:5      | 3329 ||| FLEEEEING.
  3330 | D:5      | 3330 ||| FLEEEEING.
  3463 | D:5      | Reached skill level 11 in Ranged Weapons
  3508 | D:5      | Found a shimmering blue altar of Sif Muna.
  3509 | D:5      | Found a white marble altar of Elyvilon.
  3509 | D:5      | Found a broken altar of Ashenzari.
  3602 | D:5      | Found a snail-covered altar of Cheibriados.
  3770 | D:5      | Reached skill level 12 in Ranged Weapons
  3777 | D:5      | Reached XP level 8. HP: 45/45 MP: 10/10
  3994 | D:5      | 3994 ||| READING scroll labelled NOELLO FOSCHOU.
  3995 | D:5      | 3995 ||| DRINKING 2 puce potions.
  4100 | D:5      | 4100 ||| DROPPING potion of berserk rage.
  4120 | D:6      | 4120 ||| STAIRDANCE
  4124 | D:5      | Reached skill level 3 in Fighting
  4331 | D:6      | Found a basalt altar of Yredelemnul.
  4483 | D:6      | Found Supiol's Lightly-Used Armoury.
  4491 | D:6      | 4491 ||| BUYING -1 triple crossbow (55 gold).
  4491 | D:6      | Bought a -1 triple crossbow for 55 gold pieces
  4491 | D:6      | 4491 ||| SWAPPING to -1 triple crossbow.
  4492 | D:6      | 4492 ||| DROPPING +1 shortbow of freezing.
  4522 | D:6      | 4522 ||| FLEEEEING.
  4533 | D:6      | 4533 ||| FLEEEEING.
  4534 | D:6      | 4534 ||| FLEEEEING.
  4537 | D:6      | 4537 ||| FLEEEEING.
  4538 | D:6      | 4538 ||| FLEEEEING.
  4539 | D:6      | 4539 ||| FLEEEEING.
  4540 | D:6      | 4540 ||| FLEEEEING.
  4541 | D:6      | 4541 ||| FLEEEEING.
  4542 | D:6      | 4542 ||| FLEEEEING.
  4543 | D:6      | 4543 ||| FLEEEEING.
  4544 | D:6      | 4544 ||| FLEEEEING.
  4545 | D:6      | 4545 ||| STAIRDANCE
  4848 | D:6      | 4848 ||| UPGRADING to +0 pair of boots.
  4906 | D:7      | Reached skill level 13 in Ranged Weapons
  4949 | D:7      | HP: 9/46 [poisoned by a kobold brigand (curare-tipped
                  | dart)]
  4949 | D:7      | HP: 2/46 [kobold brigand/+0 club (7)]
  4951 | D:7      | 4951 ||| DRINKING 7 potions of curing.
  4951 | D:7      | 4951 ||| (to cure poison)
  5143 | D:7      | Reached skill level 14 in Ranged Weapons
  5211 | D:7      | Reached XP level 9. HP: 51/51 MP: 11/11
  5214 | D:7      | Reached skill level 6 in Dodging
  5283 | D:7      | HP: 11/51 [poisoned by a killer bee]
  5283 | D:7      | HP: 5/51 [killer bee (6)]
  5283 | D:7      | Slain by a killer bee

Levels and vault maps discovered:
D:1:      evilmike_arrival_hilbert_curve, layout_loops_cross, serial_shops,
          nicolae_shop_mannequins
D:2:      layout_basic, minmay_pentomino_o4
D:3:      minmay_spotlight, layout_loops_corners, minmay_vboxes
D:4:      layout_loops_cross, nicolae_uskayaw_suspiria, serial_shops, shop,
          uniq_sigmund, uniq_robin
D:5:      layout_basic, lemuel_round_altar, grunt_temple_overflow_open
D:6:      layout_rooms, lemuel_zombie_altar_yredelemnul, grunt_ministairs_10,
          minmay_shop_damaged, minmay_misc_feat_tower
D:7:      minmay_skewed_foursquare, layout_basic,
          minmay_temple_entry_stoned_glass

Skill      XL: |  1  2  3  4  5  6  7  8  9 |
---------------+----------------------------+-----
Ranged Weapons | 6 7 8 10 12 14 | 14.2
Dodging        | 4 5 6 |  6.1
Fighting       | 2 3 |  3.2
Armour         | 1 2 |  2.0
Stealth        | |  1.2

Action                     |  1- 3 |  4- 6 |  7- 9 || total
---------------------------+-------+-------+-------++-------
   Fire: Shortbow          |   116 |   111 |   178 ||   405
         Triple crossbow   |       |       |    51 ||    51
    Use: Scroll            |     6 |     3 |     2 ||    11
         Potion            |     1 |       |     2 ||     3
 Armour: Leather armour    |     5 |       |       ||     5
         Ring mail         |     9 |    14 |    77 ||   100
  Dodge: Dodged            |    26 |    25 |   177 ||   228

Table legend:
 A = Non-vault XP
 B = Vault XP
 C = Vault XP percentage of total XP
 D = Non-vault monster count
 E = Vault monster count
 F = Vault count percentage of total count
                 A         B        C        D         E       F
            +---------+---------+-------+---------+---------+-------
      Total |    2584 |     639 |  19.8 |     119 |      28 |  19.0
            +---------+---------+-------+---------+---------+-------
        D:1 |      19 |       0 |   0.0 |      11 |       0 |   0.0
        D:2 |      41 |       8 |  16.3 |      17 |       3 |  15.0
        D:3 |      57 |      25 |  30.5 |      24 |       7 |  22.6
        D:4 |     475 |     266 |  35.9 |      21 |       8 |  27.6
        D:5 |     669 |     108 |  13.9 |      24 |       4 |  14.3
        D:6 |     313 |      61 |  16.3 |       8 |       4 |  33.3
        D:7 |    1010 |     171 |  14.5 |      14 |       2 |  12.5
            +---------+---------+-------+---------+---------+-------
